 Dungeon Crawl Stone Soup version 0.29-a0-582-ge82337ba6a (webtiles) character file.

Game seed: 18117336890777148149

56 zeratav the Stinger (level 3, -2/21 HPs)
             Began as an Octopode Venom Mage on June 15, 2022.
             Slain by a goblin
             ... wielding a +0 club
             ... led by Robin
              (3 damage)
             ... while paralysed by Grinder
             ... on level 3 of the Dungeon.
             The game lasted 00:02:57 (1763 turns).

zeratav the Stinger (Octopode Venom Mage)           Turns: 1763, Time: 00:02:58

Health: -2/21      AC:  1    Str:  7    XL:     3   Next: 95%
Magic:  7/7        EV:  2    Int: 19    God:
Gold:   166        SH:  0    Dex: 12    Spells: 6/7 levels left

rFire   . . .      SeeInvis .   b - +0 short sword {short}
rCold   . . .      Faith    .   (no shield)
rNeg    . . .      Spirit   .   (helmet restricted)
rPois   .          Reflect  .   (no amulet)
rElec   .          Harm     .   d - ring of wizardry
rCorr   .          Rampage  .   (no ring)
Will    .....                   (no ring)
Stlth   +++.......              (no ring)
HPRegen 0.07/turn               (no ring)
MPRegen 0.10/turn               (no ring)
                                (no ring)
                                (no ring)

@: paralysed
A: almost no armour, amphibious, 8 rings, camouflage 1, gelatinous body 1,
(nimble swimmer 1), tentacles
a: no special abilities


You were on level 3 of the Dungeon.
You visited 1 branch of the dungeon, and saw 3 of its levels.

You collected 166 gold pieces.


Innate Abilities, Weirdness & Mutations

You cannot wear most types of armour.
You are amphibious.
You can wear up to eight rings at the same time.
Your skin changes colour to match your surroundings (Stealth+).
Your rubbery body absorbs attacks. (AC +1, EV +1)
((You are camouflaged when in or above water. (Stealth+)))
You have tentacles for arms and can constrict up to eight enemies at once.


   Skills:
 - Level 2.0 Dodging
 - Level 2.6 Stealth
 + Level 2.6 Spellcasting
 - Level 1.0 Transmutations
 * Level 5.1 Poison Magic


You had 6 spell levels left.
You knew the following spells:

 Your Spells              Type           Power      Damage    Failure   Level
a - Sting                 Tmut/Pois      56%        1d5       1%          1

Your spell library contained the following spells:

 Spells                   Type           Power      Damage    Failure   Level
 Poisonous Vapours        Pois/Air       24%        N/A       3%          2
 Magic Dart               Conj           8%         1d3       6%          1
 Olgreb's Toxic Radiance  Pois           22%        N/A       8%          4
 Blink                    Tloc           4%         N/A       10%         2
 Call Imp                 Summ           2%         N/A       10%         2
 Mephitic Cloud           Conj/Pois/Air  9%         N/A       10%         3
 Lesser Beckoning         Tloc           2%         N/A       19%         3
 Manifold Assault         Tloc           2%         N/A       83%         5

Inventory:

Hand Weapons
 b - a +0 short sword (weapon) {short}
   (You took it off a kobold on level 1 of the Dungeon)
 i - a +2 dagger of electrocution {short}
   (You found it on level 1 of the Dungeon)
Jewellery
 d - a ring of wizardry (left tentacle)
   (You found it on level 1 of the Dungeon)
Scrolls
 c - a scroll of summoning {unknown}
 f - 3 scrolls of identify {unknown}
 k - a scroll of vulnerability {unknown}
Potions
 a - 2 potions of magic
 e - a potion of cancellation {unknown}
 g - a potion of lignification {unknown}
 h - 3 potions of curing {unknown}
 j - a potion of mutation {unknown}

Dungeon Overview and Level Annotations

Branches:
Dungeon (3/15)

Altars:

Annotations:
D:1 1 runed translucent door
D:3 Grinder, Robin

<. . .## #. #
..ยง .. #.# #.#
.#
##..)##.##..###
#.....g.g....5.
#@#


#ggg# #gg.# #ggg# #..g# #...# ..... ..... You could see Grinder, Robin, 2
hobgoblins and 8 goblins.


Message History

You are too injured to fight recklessly!
You are too injured to fight recklessly!
You are too injured to fight recklessly!
You are too injured to fight recklessly!
You are too injured to fight recklessly!
You are too injured to fight recklessly!
You are too injured to fight recklessly!
You are too injured to fight recklessly!
You are too injured to fight recklessly!
You are too injured to fight recklessly!
You are too injured to fight recklessly!
You are too injured to fight recklessly!
You are too injured to fight recklessly!
You are too injured to fight recklessly!
You are too injured to fight recklessly!
You are too injured to fight recklessly!
You are too injured to fight recklessly!
You are too injured to fight recklessly!
Casting: Sting (safe; 1% risk of failure)
Confirm with . or Enter, or press ? or * to list all spells.
Aiming: Sting (safe; 1% risk of failure)
Press: ? - help, Shift-Dir - straight line, f - worm
Aim: a worm (heavily wounded, constricted by you, 100% to hit)
The sting hits the worm.
The worm is poisoned.
You constrict the worm. The worm barely misses you.
MP[-1]
You lost 1 mp, and now have 5/6 mp.
Casting: Sting (safe; 1% risk of failure)
Confirm with . or Enter, or press ? or * to list all spells.
Aiming: Sting (safe; 1% risk of failure)
Press: ? - help, Shift-Dir - straight line, f/p - worm
Aim: a worm (severely wounded, constricted by you, poisoned, 100% to hit)
The sting hits the worm.
The worm looks even sicker.
You constrict the worm.
You kill the worm!
MP[-1]
You lost 1 mp, and now have 4/6 mp.
You now have 145 gold pieces (gained 12).
You start resting.
HP[+6] MP[+2]
Your hp is fully restored (21).
Your mp is fully restored (6).
Found an escape hatch in the ceiling.
You now have 159 gold pieces (gained 14).
A worm comes into view.
The worm misses you.
You hit the worm. You grab the worm. You squeeze the worm.
You constrict the worm. You hit the worm. You squeeze the worm.
You constrict the worm. The worm closely misses you.
You hit the worm.
You kill the worm!
No target in view!
No target in view!
No target in view!
No target in view!
No target in view!
No target in view!
No target in view!
No target in view!
No target in view!
No target in view!
No target in view!
No target in view!
No target in view!
No target in view!
No target in view!
You see here a worm corpse.
You now have 166 gold pieces (gained 7).
There is an escape hatch in the ceiling here.
Done exploring.
Done exploring.
MP[+1]
Your mp is fully restored (7).
Done exploring.
(D) Dungeon
Where to? (Enter - D:2, ? - help)
There is a stone staircase leading down here.
You climb downwards.
The goblin shouts! x3; The hobgoblin shouts!
The goblin shouts! x2
Found a dagger.
Found a stone staircase leading up.
There is a stone staircase leading up here.
There are monsters nearby!
Okay, then.
Robin shouts!
Grinder gestures at you.
You suddenly lose the ability to move!
The goblin unwields a +0 dagger.
The goblin wields a +0 hunting sling.
The goblin shoots a sling bullet.
The sling bullet hits you. The goblin hits you with a +0 dagger.
The hobgoblin barely misses you. Robin throws the goblin at you!
Robin throws the goblin at you! The goblin hits you with a +0 dagger.
The hobgoblin hits you.
* * * LOW HITPOINT WARNING * * *
Grinder blinks!
The goblin hits you with a +0 dagger.
* * * LOW HITPOINT WARNING * * *
The goblin unwields a +0 hunting sling.
The goblin wields a +0 dagger.
The goblin hits you with a +0 dagger.
* * * LOW HITPOINT WARNING * * *
The goblin hits you with a +0 dagger.
* * * LOW HITPOINT WARNING * * *
The goblin hits you with a +0 club.
You die...

Skill      XL: |  1  2  3 |
---------------+----------+-----
Poison Magic   | 4 5 |  5.1
Dodging        | |  2.0
Stealth        | |  2.6
Spellcasting   | |  2.6
Transmutations | |  1.0

Action                   || total
-------------------------++-------
Melee: Unarmed           ||     9
       Short sword       ||    60
       Constrict         ||    18
       Tentacles         ||    15
 Cast: Sting             ||    12
 Stab: Sleeping          ||    12
Armor: Skin              ||     9
Dodge: Dodged            ||    51

Levels and vault maps discovered:
D:1:      dpeg_arrival_caged_fury, layout_loops_ring,
          shapermc_ecumenical_altar_mp_ritualfount
D:2:      layout_rooms, supply_closet_lemuel
D:3:      layout_loops_cross, nicolae_overflow_ecumenical_swirl, slow_altar_1,
          serial_park_tiny_2, uniq_grinder, uniq_robin

Notes
Turn   | Place    | Note
-------+----------+-------------------------------------------
     0 | D:1      | zeratav the Octopode Venom Mage began the quest for the
                  | Orb.
     0 | D:1      | Reached XP level 1. HP: 11/11 MP: 3/3
     0 | D:1      | Noticed a jelly
     0 | D:1      | Noticed a jelly
     0 | D:1      | magus.rc [v1.9.6]
     1 | D:1      | Found a runed translucent door.
     1 | D:1      | Noticed a jelly
   134 | D:1      | Reached skill level 4 in Poison Magic
   175 | D:1      | Reached XP level 2. HP: 17/17 MP: 5/5
   235 | D:1      | HP: 2/17 [frozen (5)]
   549 | D:1      | You pick up a book of Spatial Translocations and begin
                  | reading...
   549 | D:1      | You add the spells Blink, Lesser Beckoning and Manifold
                  | Assault to your library.
   609 | D:1      | Found a faded altar of an unknown god.
   817 | D:1      | You pick up a book of Minor Magic and begin reading...
   817 | D:1      | You add the spells Magic Dart and Call Imp to your library.
  1072 | D:2      | Reached XP level 3. HP: 21/21 MP: 3/6
  1369 | D:2      | Reached skill level 5 in Poison Magic
  1760 | D:3      | Noticed Grinder
  1760 | D:3      | Noticed Robin
  1761 | D:3      | Paralysed by Grinder for 3 turns
  1762 | D:3      | HP: 5/21 [goblin/+0 dagger[Robin] (2)]
  1763 | D:3      | HP: 1/21 [goblin/+0 dagger[Robin] (2)]
  1763 | D:3      | Slain by a goblin

Vanquished Creatures
  An adder (D:2)
  3 worms (D:2)
  4 endoplasms
  A giant cockroach (D:1)
  3 goblins
  4 hobgoblins
  6 kobolds
  A quokka (D:2)
  2 ball pythons (D:2)
  5 bats
  2 frilled lizards (D:2)
  4 rats
36 creatures vanquished.

Table legend:
 A = Non-vault XP
 B = Vault XP
 C = Vault XP percentage of total XP
 D = Non-vault monster count
 E = Vault monster count
 F = Vault count percentage of total count
                 A         B        C        D         E       F
            +---------+---------+-------+---------+---------+-------
      Total |      80 |       0 |   0.0 |      36 |       0 |   0.0
            +---------+---------+-------+---------+---------+-------
        D:1 |      24 |       0 |   0.0 |      15 |       0 |   0.0
        D:2 |      56 |       0 |   0.0 |      21 |       0 |   0.0
            +---------+---------+-------+---------+---------+-------

Illustrated notes

Table legend:
 A = Kills in this place as a percentage of kills in entire the game.
 B = Kills by you in this place as a percentage of kills by you in the entire game.
 C = Kills by friends in this place as a percentage of kills by friends in the entire game.
 D = Other kills in this place as a percentage of other kills in the entire game.
 E = Experience gained in this place as a percentage of experience gained in the entire game.
 F = Experience gained in this place divided by the number of levels of this place that you have seen.
                   A       B       C       D       E      F
               +-------+-------+-------+-------+-------+----------------------
         Total | 100.0 | 100.0 |   N/A |   N/A | 100.0 |  26.7
       Dungeon | 100.0 | 100.0 |   N/A |   N/A | 100.0 |  26.7
               +-------+-------+-------+-------+-------+----------------------

Table legend: (Time is in decaauts)
 A = Elapsed time spent in this place.
 B = Non-inter-level travel time spent in this place.
 C = Inter-level travel time spent in this place.
 D = Time resting spent in this place.
 E = Time spent auto-exploring this place.
 F = Levels seen in this place.
 G = Mean time per level.
                   A        B        C        D        E       F      G
               +--------+--------+--------+--------+--------+-----+--------+
         Total |   1768 |   1745 |     23 |    444 |   1030 |   3 |  589.3 |
       Dungeon |   1768 |   1745 |     23 |    444 |   1030 |   3 |  589.3 |
               +--------+--------+--------+--------+--------+-----+--------+

Top non-repeatable levels by time:
     D:1: 1047 daAuts
     D:2: 718 daAuts
     D:3: 2 daAuts
